 Dungeon Crawl Stone Soup version 0.26-a0-682-g294304f6e8 (webtiles) character file.

Game seed: 7277072958328673790

723 somkeydreadnuts the Chopper (level 7, -2/44 HPs)
             Began as a Gargoyle Fighter on Oct 21, 2020.
             Killed by nerve-wracking pain
             ... invoked by a shadow imp
              (4 damage)
             ... on level 5 of the Dungeon.
             The game lasted 00:12:54 (4247 turns).

somkeydreadnuts the Chopper (Gargoyle Fighter)      Turns: 4247, Time: 00:12:55

Health: -2/44      AC:  9    Str: 21    XL:     7   Next: 71%
Magic:  7/7        EV:  8    Int:  9    God:
Gold:   251        SH:  9    Dex:  9    Spells: 6/6 levels left

rFire    . . .     SeeInvis .   a - +0 war axe
rCold    . . .     Faith    .   c - +0 kite shield
rNeg     + . .     Spirit   .   x - +0 leather armour
rPois    ∞         Reflect  .   (no helmet)
rElec    +         Harm     .   i - +0 cloak
rCorr    .         Rampage  .   (no gloves)
MR       .....                  (no boots)
Stlth    +.........             (no amulet)
HPRegen  0.14/turn              (no ring)
MPRegen  0.10/turn              (no ring)

@: no status effects
A: negative energy resistance 1, electricity resistance, unbreathing,
petrification resistance, rot immunity, AC +4
a: no special abilities


You were on level 5 of the Dungeon.
You visited 1 branch of the dungeon, and saw 5 of its levels.

You collected 251 gold pieces.

Inventory:

Hand Weapons
 a - a +0 war axe (weapon)
Armour
 b - a +0 scale mail
 c - a +0 kite shield (worn)
 i - a +0 cloak (worn)
 x - a +0 leather armour (worn)
Jewellery
 s - an uncursed ring of wizardry {unknown}
Wands
 y - a wand of flame (16)
Scrolls
 e - 5 scrolls of magic mapping {unknown}
 g - 3 scrolls of amnesia {unknown}
 h - 6 scrolls of teleportation {unknown}
 j - a scroll of blinking {unknown}
 k - 8 scrolls of identify {unknown}
 n - 3 scrolls of remove curse {unknown}
 o - 2 scrolls of enchant armour {unknown}
 q - 2 scrolls of random uselessness {unknown}
 r - a scroll of fear {unknown}
 u - a scroll of noise {unknown}
Potions
 d - 3 potions of might
 f - 2 potions of cancellation {unknown}
 l - 2 potions of flight {unknown}
 m - a potion of ambrosia {unknown}
 p - 2 potions of brilliance {unknown}
 t - a potion of stabbing {unknown}
 v - a potion of curing {unknown}
 w - a potion of magic {unknown}


   Skills:
 - Level 5.2 Fighting
 - Level 6.0 Axes
 + Level 4.0 Armour
 - Level 1.1 Stealth
 + Level 4.3 Shields


You had 6 spell levels left.
You didn't know any spells.
Your spell library was empty.

Dungeon Overview and Level Annotations

Branches:
Dungeon (5/15)
 Temple: D:4-7

Altars:
Ashenzari
Kikubaaqudgha
Okawaru
Qazlal
Uskayaw
Wu Jian
Xom
Zin

Annotations:
D:5 1 transporter


Innate Abilities, Weirdness & Mutations

You are resistant to torment.
Your stone body is resilient. (AC +4)
You are immune to poison.
You resist negative energy. (rN+)
You are resistant to electric shocks. (rElec)
You can survive without breathing.
You are immune to petrification.
You are immune to rotting.


Message History

Beogh smites you!
You slash the plant!
The plant is lightly damaged.
The orc priest miscasts a cantrip.
The orc priest invokes the aid of Beogh against you.
Beogh smites you!
A nearby plant withers and dies.
You enter the shallow water.
Moving in this stuff is going to be slow.
The shadow imp gestures at you. Pain shoots through your body!
The shadow imp gestures at you. Pain shoots through your body!
The orc priest mumbles some strange prayers to Beogh against you.
Beogh smites you!
* * * LOW HITPOINT WARNING * * *
You open the door. The shadow imp gestures at you.
Pain shoots through your body!
You die...

######.......##.........
..........[.)...........
#######...###########...
#.....©.....# #.#.
#.#########.# #.#.
#.#8P$©$P8#.# #.##
#.#≈..(..≈#.# #.#.
#.####'####.# #.#.
#.#.≈@..≈5#.# #####.#+
#.#5≈...≈o#.# #....<..
#.#.≈≈≈≈≈.#.# #.......
#.#5≈≈⌠≈≈.#.# #.....).
#.#.≈≈≈≈≈o#.# #.......
#.#.≈...≈.#.# #.......
#.#.≈...≈.#.###..>....
#.####'####...........
#.#P.....≈#..#########


You could see 2 orc priests and 3 shadow imps.

Vanquished Creatures
  An ice beast (D:5)
  2 ogres (D:4)
  2 hounds (D:5)
  A jelly (D:5)
  A centaur skeleton (D:5)
  An orc wizard (D:4)
  2 worker ants
  A killer bee zombie (D:5)
  6 gnolls
  8 adders
  An ooze (D:3)
  An adder skeleton (D:4)
  2 worms
  A dart slug (D:1)
  3 leopard geckos
  11 orcs
  11 bats
  3 giant cockroaches
  8 goblins
  11 hobgoblins
  6 jackals
  3 quokkas
  A ball python (D:3)
  5 frilled lizards
  5 kobolds
  8 rats
105 creatures vanquished.

Vanquished Creatures (others)
  14 plants
14 creatures vanquished.

Grand Total: 119 creatures vanquished

Notes
Turn   | Place    | Note
-------+----------+-------------------------------------------
     0 | D:1      | somkeydreadnuts the Gargoyle Fighter began the quest for
                  | the Orb.
     0 | D:1      | Reached XP level 1. HP: 14/14 MP: 1/1
   144 | D:1      | Reached XP level 2. HP: 19/19 MP: 2/2
   176 | D:1      | Reached skill level 2 in Axes
   461 | D:1      | Reached XP level 3. HP: 21/24 MP: 3/3
   753 | D:2      | Reached skill level 3 in Axes
   753 | D:2      | Reached XP level 4. HP: 23/29 MP: 4/4
  1171 | D:2      | Reached XP level 5. HP: 22/33 MP: 5/5
  1338 | D:2      | Found a glowing silver altar of Zin.
  1455 | D:2      | You fall into a shaft and drop 1 floor!
  1671 | D:3      | Reached skill level 4 in Axes
  2091 | D:3      | Found a broken altar of Ashenzari.
  2454 | D:3      | Found a hide-covered altar of Uskayaw.
  2549 | D:4      | Found an ornate altar of the Wu Jian Council.
  2617 | D:4      | Reached XP level 6. HP: 35/39 MP: 6/6
  2630 | D:4      | Found a shimmering altar of Xom.
  2910 | D:4      | Reached skill level 5 in Axes
  2910 | D:4      | Reached skill level 1 in Stealth
  2995 | D:4      | Found an iron altar of Okawaru.
  3007 | D:4      | Reached skill level 5 in Fighting
  3007 | D:4      | Reached XP level 7. HP: 23/44 MP: 7/7
  3267 | D:5      | Entered Level 5 of the Dungeon
  3343 | D:5      | Reached skill level 6 in Axes
  3437 | D:5      | Found a transporter.
  3459 | D:5      | Found a transporter.
  3543 | D:5      | Found a stormy altar of Qazlal.
  3608 | D:5      | Found an ancient bone altar of Kikubaaqudgha.
  3631 | D:5      | Found a glowing silver altar of Zin.
  4246 | D:5      | HP: 2/44 [orc priest/divine providence (12)]
  4247 | D:5      | Killed from afar by a shadow imp

Illustrated notes

Levels and vault maps discovered:
D:1:      eino_arrival_cavern_b, layout_rooms
D:2:      layout_rooms, zin_statuary, serial_forest,
          infiniplex_forest_clump_cross, infiniplex_forest_clump_large,
          infiniplex_forest_lined_room_, infiniplex_forest_clump_diagonal,
          infiniplex_forest_clump_small, infiniplex_forest_lined_room_3,
          infiniplex_forest_side_room, minmay_randomly_rotated_circles
D:3:      layout_basic, marbit_many_paths, roderic_lattice_a, ashenzari_altar_1
D:4:      layout_rooms, okawaru_gym_becter, overflow_temple_1_default,
          lemuel_coloured_pillars_altar
D:5:      gammafunk_wand_slinger, layout_basic, lemuel_doored_altar,
          kennysheep_little_box, basic_altar, minmay_misc_feat_encased,
          grunt_ministairs_7, minmay_fractal_squares_gapless_5

Skill      XL: |  1  2  3  4  5  6  7 |
---------------+----------------------+-----
Axes           | 2 3 4 5 6 |  6.0
Fighting       | 4 5 |  5.2
Stealth        | 1 |  1.1
Shields        | 4 |  4.3
Armour         | 4 |  4.0

Action                   |  1- 3 |  4- 6 |  7- 9 || total
-------------------------+-------+-------+-------++-------
Melee: War axe           |   104 |   192 |    65 ||   361
Armor: Scale mail        |   105 |   135 |    48 ||   288
Dodge: Dodged            |    65 |    65 |    21 ||   151
Block: Kite shield       |    92 |   119 |    32 ||   243

Table legend: (Time is in decaauts)
 A = Elapsed time spent in this place.
 B = Non-inter-level travel time spent in this place.
 C = Inter-level travel time spent in this place.
 D = Time resting spent in this place.
 E = Time spent auto-exploring this place.
 F = Levels seen in this place.
 G = Mean time per level.
                   A        B        C        D        E       F      G
               +--------+--------+--------+--------+--------+-----+--------+
         Total |   4390 |   4390 |      0 |      0 |   2410 |   5 |  878.0 |
       Dungeon |   4390 |   4390 |      0 |      0 |   2410 |   5 |  878.0 |
               +--------+--------+--------+--------+--------+-----+--------+

Top non-repeatable levels by time:
     D:3: 1097 daAuts
     D:5: 1001 daAuts
     D:2: 822 daAuts
     D:4: 763 daAuts
     D:1: 706 daAuts
